 Dungeon Crawl Stone Soup version 0.23.2-1-ga50397a (webtiles) character file.

Game seed: 9582200954980802496

28 kae the Changer (level 3, 0/26 HPs)
             Began as a Demonspawn Transmuter on Apr 16, 2019.
             Slain by an adder (2 damage)
             ... on level 2 of the Dungeon.
             The game lasted 00:01:28 (759 turns).

kae the Changer (Demonspawn Transmuter)              Turns: 759, Time: 00:01:29

Health: 0/26       AC:  3    Str: 10    XL:     3   Next: 0%
Magic:  4/6        EV: 12    Int: 14    God:
Gold:   74         SH:  0    Dex: 14    Spells: 3/6 levels left

rFire    . . .     SeeInvis .   e - +0 short sword (speed)
rCold    . . .     Gourm    .   (no shield)
rNeg     . . .     Faith    .   b - +0 robe
rPois    .         Spirit   .   (no helmet)
rElec    .         Reflect  .   (no cloak)
rCorr    .         Harm     .   f - +0 pair of gloves
MR       .....                  (no boots)
Stlth    +.........             (no amulet)
HPRegen  0.08/turn              (no ring)
MPRegen  0.10/turn              (no ring)

@: no status effects
A: spiny 2
a: no special abilities


You were on level 2 of the Dungeon.
You were not hungry.

You visited 1 branch of the dungeon, and saw 2 of its levels.

You collected 74 gold pieces.

Inventory:

Hand Weapons
 e - a +0 short sword of speed (weapon)
Missiles
 a - 69 arrows
Armour
 b - a +0 robe (worn)
 f - a +0 pair of gloves (worn)
Potions
 c - 2 potions of degeneration {unknown}
 g - a potion of brilliance
Comestibles
 d - 3 rations
 h - 3 chunks of flesh


   Skills:
 - Level 1.0 Fighting
 - Level 1.7 Dodging
 - Level 2.6 Unarmed Combat
 - Level 2.0 Spellcasting
 + Level 3.2 Transmutations


You had 3 spell levels left.
You knew the following spells:

 Your Spells              Type           Power        Failure   Level  Hunger
a - Beastly Appendage     Tmut           ##....       6%          1    ##.....
b - Sticks to Snakes      Tmut           ##......     10%         2    ###....

Your spell library contained the following spells:

 Spells                   Type           Power        Failure   Level  Hunger
 Spider Form              Tmut/Pois      #.........   36%         3    ####...
 Ice Form                 Ice/Tmut       #.......     77%         4    #####..
 Blade Hands              Tmut           ##........   87%         5    ######.


Dungeon Overview and Level Annotations

Branches:
Dungeon (2/15)

Altars:


Innate Abilities, Weirdness & Mutations

You are mostly covered in sharp spines.


Message History

The adder is moderately wounded.
The adder is struck by your spines. The adder barely misses you.
Your ball python closely misses the adder.
Your ball python grabs the adder.
Your ball python constricts the adder.
You hit the adder but do no damage.
The adder is heavily wounded.
The adder bites you but does no damage.
You hit the adder.
The adder is heavily wounded.
Your ball python bites the adder but does no damage.
Your ball python constricts the adder.
You hit the adder but do no damage.
The adder is severely wounded.
The adder bites you.
* * * LOW HITPOINT WARNING * * *
Your ball python bites the adder.
Your ball python constricts the adder.
You barely miss the adder.
The adder is almost dead.
The adder bites you.
You die...

## .. ..# #. ..# #.
...# #.###...# #
?..#...#
#).#.####S.....#
#......)@S.....###
[.###.####รท.(......
# ##(#..#### .#...#
.# #..# .# #># ## ##


You could see an adder and a friendly ball python.

Vanquished Creatures
  A worm (D:2)
  3 bats
  A giant cockroach (D:1)
  4 goblins
  4 hobgoblins
  4 kobolds (D:1)
  2 frilled lizards
  5 rats
24 creatures vanquished.

Vanquished Creatures (collateral kills)
  A goblin (D:2)
1 creature vanquished.

Grand Total: 25 creatures vanquished

Notes
Turn   | Place    | Note
-------+----------+-------------------------------------------
     0 | D:1      | kae the Demonspawn Transmuter began the quest for the Orb.
     0 | D:1      | Reached XP level 1. HP: 15/15 MP: 3/3
    43 | D:1      | Reached skill level 2 in Transmutations
   175 | D:1      | Gained mutation: You are partially covered in sharp spines.
                  | [demonic ancestry]
   175 | D:1      | Reached XP level 2. HP: 18/21 MP: 3/5
   230 | D:1      | Learned a level 2 spell: Sticks to Snakes
   664 | D:2      | Reached skill level 3 in Transmutations
   700 | D:2      | HP: 1/21 [goblin (4)]
   702 | D:2      | Gained mutation: You are mostly covered in sharp spines.
                  | [demonic ancestry]
   702 | D:2      | Reached XP level 3. HP: 2/26 MP: 6/6
   759 | D:2      | Slain by an adder

Skill      XL: |  1  2 |
---------------+-------+-----
Transmutations | 2 3 |  3.2
Fighting       | |  1.0
Dodging        | |  1.7
Unarmed Combat | |  2.6
Spellcasting   | |  2.0

Action                   || total
-------------------------++-------
Melee: Short sword       ||    61
       Kick              ||     2
       Headbutt          ||     1
 Cast: Beastly Appendage ||     6
       Sticks to Snakes  ||     2
  Use: Scroll            ||     3
Armor: Robe              ||    10
Dodge: Dodged            ||    21
